 Dungeon Crawl Stone Soup version 0.32-a0-42-ga30500b4d3 (webtiles) character file.

Game seed: 14094109705001716665

16972 cforsyth the Eclecticist (level 12, -3/70 HPs)
             Began as a Djinni Hedge Wizard on Jan 31, 2024.
             Killed from afar by a deep elf knight (47 damage)
             ... with a shard of ice
             ... on level 12 of the Dungeon.
             The game lasted 00:28:29 (11757 turns).

cforsyth the Eclecticist (Djinni Hedge Wizard)     Turns: 11757, Time: 00:28:29

Health: -3/70      AC:  7    Str:  9    XL:     12   Next: 76%
Gold:   743        EV: 16    Int: 23    God:
                   SH:  0    Dex: 13

rFire   + + .        a - staff of conjuration
rCold   x . .        b - orb {light}
rNeg    + + +        w - +1 leather armour "Matithruohao" {rN+++ Will+ Int+3 Dex-4}
rPois   ∞            F - +0 helmet
rElec   .            B - +0 cloak
rCorr   .            S - +0 pair of gloves {Dex+3}
SInv    .            (boots unavailable)
Will    +++..        p - amulet of regeneration
Stlth   +            q - ring of willpower
HPRegen 1.11/turn    v - +5 ring of evasion
MPRegen 0.00/turn

%: infuse magic (-4 HP)
@: flying, glowing
A: sickness immunity, fire resistance 2, cold vulnerability 1, float, innate
caster, HP casting, extra vitality 1
a: no special abilities


You were on level 12 of the Dungeon.
You visited 1 branch of the dungeon, and saw 12 of its levels.
You also visited: Bailey.

You collected 905 gold pieces.
You spent 162 gold pieces at shops.

Inventory:

Hand Weapons
 Q - the +6 trident "Dragon's Tongue" {freeze, rPois Dex+3}
   (You took it off a spriggan on level 9 of the Dungeon)

   Dex+3:     It affects your dexterity (+3).
   rPois:     It protects you from poison
Armour
 b - an orb of light (worn)
 w - the +1 leather armour "Matithruohao" (worn) {rN+++ Will+ Int+3 Dex-4}
   (You found it on level 5 of the Dungeon)

   Int+3:     It affects your intelligence (+3).
   Dex-4:     It affects your dexterity (-4).
   rN+++:     It renders you almost immune to negative energy.
   Will+:     It increases your willpower.
 B - a +0 cloak (worn)
 F - a +0 helmet (worn)
 P - a +2 leather armour of cold resistance
 S - a +0 pair of gloves of dexterity (worn)
Magical Staves
 a - a staff of conjuration (weapon)
Jewellery
 c - a ring of willpower
 g - a ring of see invisible
 p - an amulet of regeneration (around neck)
 q - a ring of willpower (left hand)
 v - a +5 ring of evasion (right hand)
 D - an amulet of reflection
 K - a +6 ring of intelligence
 M - a ring of protection from cold
Wands
 i - a wand of mindburst (5)
 r - a wand of flame (12)
 J - a wand of light (9)
Scrolls
 d - 5 scrolls of immolation
 h - a scroll of noise
 j - 4 scrolls of enchant armour {unknown}
 n - 4 scrolls of fog {unknown}
 s - 3 scrolls of blinking {unknown}
 u - a scroll of summoning {unknown}
 y - 2 scrolls of revelation
 A - 2 scrolls of enchant weapon {unknown}
 C - a scroll of torment {unknown}
 E - 2 scrolls of fear {unknown}
 H - 3 scrolls of teleportation {unknown}
 I - 3 scrolls of vulnerability {unknown}
 N - 2 scrolls of amnesia {unknown}
 O - a scroll of brand weapon {unknown}
Potions
 e - a potion of attraction
 f - 2 potions of mutation
 k - 4 potions of haste
 l - 3 potions of curing
 m - 4 potions of heal wounds
 o - 2 potions of lignification
 t - 2 potions of berserk rage
 x - 2 potions of might {unknown}
 z - 3 potions of brilliance {unknown}
 L - 2 potions of ambrosia
 R - a potion of enlightenment {unknown}


   Skills:
 - Level 2.1 Dodging
 - Level 1.5 Stealth
 + Level 15.7 Spellcasting
 + Level 15.7 Conjurations
 + Level 15.7 Hexes
 + Level 15.7 Summonings
 + Level 15.7 Necromancy
 + Level 15.7 Translocations
 + Level 15.7 Fire Magic
 + Level 15.7 Ice Magic
 + Level 15.7 Air Magic
 + Level 15.7 Earth Magic
 + Level 15.7 Alchemy


You knew the following spells:

 Your Spells              Type           Power      Damage    Failure   Level
a - Magic Dart            Conj           100%       1d8       0%          1
b - Slow                  Hex            100%       N/A       0%          1
c - Blink                 Tloc           100%       N/A       0%          2
d - Call Imp              Summ           100%       N/A       0%          2
e - Mephitic Cloud        Conj/Alch/Air  94%        N/A       1%          3
f - Summon Forest         Summ/Tloc      37%        N/A       1%          5
g - Momentum Strike       Conj/Tloc      100%       3d10      0%          2
h - Vampiric Draining     Necr           74%        2d11      1%          3
i - Flame Wave            Conj/Fire      94%        2d20      1%          4
j - Sting                 Conj/Alch      100%       1d9       0%          1
Your spell library was empty.

Dungeon Overview and Level Annotations

Branches:
Dungeon (12/15)            Temple (0/1) D:5            Lair (0/5) D:10
    Orc (0/2) D:11         Bailey (visited)

Altars:
Trog

Shops:
D:6 [

Portals:
Trove: D:10 (show slimy rune of Zot)


Innate Abilities, Weirdness & Mutations

You are immune to sickness and miasma.
You are immune to poison.
Your flesh is very heat resistant. (rF++)
You are vulnerable to cold. (rC-)
You float through the air rather than walking.
You learn spells naturally, not from books.
Your magical power is your life essence.
You have superior vitality. (+4 MHP)


Message History

The vampire mosquito is destroyed!
Casting: Sting (safe; 0% risk of failure)
Confirm with . or Enter, or press ? or * to list all spells.
You can't see any susceptible monsters within range! (Use Z to cast anyway.) HP restored.
Tree limbs sway around you.
You see here a vampire mosquito corpse.
There is an open door here.
You see here a vampire mosquito corpse.
You swap places.
There is an open door here.
You see here a vampire mosquito corpse.
You see here a vampire mosquito corpse.
There is an open door here.
Tree limbs sway around you.
Found 8 stones.
A root smacks the plant from below!!
The plant begins to die.
Space becomes stable.
Your dryad disappears in a puff of smoke!
The forest abruptly stops moving.
A nearby plant withers and dies.
You see here 8 stones.
Found a stone staircase leading up.
A deep elf knight comes into view. It is wielding a +6 quarterstaff.
Found a rat skeleton.
A deep elf knight is nearby!
A deep elf knight is nearby!
Casting: Sting (safe; 0% risk of failure)
Confirm with . or Enter, or press ? or * to list all spells.
You need more open space to fit a forest.
A deep elf archer, 2 elephants and a hell hound come into view.
The elephant trumpets! x2
Casting: Summon Forest (mildly dangerous; 1% risk of failure)
Confirm with . or Enter, or press ? or * to list all spells.
You need more open space to fit a forest.
The deep elf archer shoots an arrow.
The arrow hits you!!
The deep elf knight points at you and mumbles some strange words.
The shard of ice hits you!!!
You feel a painful chill!
Ouch! That really hurt!
You die...

.......# .......#
.......# .......#
.......###+#
............# ♣♣♣
........>...# ..♣♣
...........## ♣♣.~~♣♣
..........##♣♣♣♣@.~~.♣♣
#######..##♣♣.....~~..♣
# #..#♣♣...e..~...♣ #
#..#♣....♣....♣..♣ #
#..#♣...♣♣.e...... #
#..♣♣..♣♣♣Y.Yh.... #
♣..#♣...♣♣.....♣♣♣ #
♣..♣♣...♣♣.....♣ #####
##♣♣#♣#..♣♣♣..♣
.....♣#####...#


You could see 2 elephants, a deep elf archer (repels missiles), a deep elf
knight and a hell hound.

Vanquished Creatures
  A boulder beetle (D:11)
  2 deep elf pyromancers (D:12)
  Maggie (D:10)
  2 kobold demonologists (D:11)
  4 trolls
  A hornet (D:6)
  Grinder (D:6)
  Prince Ribbit (D:8)
  A shadow (D:11)
  A wyvern (D:7)
  A wraith (D:10)
  3 yaks (D:8)
  A warg (D:10)
  3 water moccasins
  2 sky beasts
  4 orc warriors
  3 black bears
  An elephant zombie (D:9)
  2 centaurs
  4 ogres
  A wolf (D:10)
  10 kobold brigands
  2 phantoms
  A weeping skull (D:9)
  An elf zombie (D:9)
  4 bullfrogs
  A scorpion (D:4)
  4 wights (D:6)
  8 killer bees (D:7)
  4 howler monkeys (D:9)
  A bombardier beetle (D:7)
  A jelly (D:6)
  A centaur zombie (D:9)
  A bullfrog zombie (D:4)
  3 hounds
  6 orc priests
  A centaur skeleton (D:4)
  A sleepcap (D:5)
  2 iguanas
  3 scorpion zombies
  Natasha (thrice) (D:2)
  4 orc wizards
  A killer bee zombie (D:9)
  An ogre zombie (D:9)
  6 hound zombies
  3 howler monkey zombies
  8 gnolls
  11 adders
  2 white imps (D:7)
  2 ufetubi (D:6)
  An adder zombie (D:9)
  9 dart slugs
  A ribbon worm (D:3)
  19 orcs
  8 ball pythons
  6 endoplasms
  2 giant cockroaches
  5 goblins
  6 hobgoblins
  34 kobolds
  4 quokkas
  A bat (D:3)
  A frilled lizard (D:3)
  A quokka skeleton (D:4)
  5 rats
239 creatures vanquished.

Vanquished Creatures (collateral kills)
  Erica (D:11)
  2 two-headed ogres
  The ghost of hikkokomori the Magician, a journeyman GrAl of Vehumet (D:9)
  A deep elf pyromancer (D:12)
  Maurice (D:12)
  A gargoyle (D:11)
  An efreet (D:11)
  4 slime creatures (D:12)
  3 shadows
  2 spriggans (D:9)
  A wyvern (D:10)
  4 yaks (D:12)
  5 vampire mosquitoes (D:12)
  3 orc warriors (D:11)
  A black bear (D:9)
  A wolf (D:10)
  A kobold brigand (D:11)
  A gnoll sergeant (D:10)
  2 howler monkeys (D:10)
  4 orc priests (D:11)
  An orc wizard (D:11)
  2 gnolls (D:10)
  8 orcs (D:11)
  A hobgoblin (D:1)
  A goblin (D:1)
  4 kobolds (D:11)
  A rat (D:1)
58 creatures vanquished.

Vanquished Creatures (others)
  A snaplasher vine (D:11)
1 creature vanquished.

Grand Total: 298 creatures vanquished

Notes
Turn   | Place    | Note
-------+----------+-------------------------------------------
     0 | D:1      | cforsyth the Djinni Hedge Wizard began the quest for the
                  | Orb.
     0 | D:1      | cforsyth set off with the following spells memorised: Magic
                  | Dart, Slow, Blink, Call Imp, Mephitic Cloud.
     0 | D:1      | Reached XP level 1. HP: 15/15 MP: 0/0
   278 | D:1      | Reached XP level 2. HP: 17/21 MP: 0/0
   925 | D:2      | Reached XP level 3. HP: 5/25 MP: 0/0
   925 | D:2      | Learned a level 1 spell: Sting
  1354 | D:2      | Reached XP level 4. HP: 29/31 MP: 0/0
  1532 | D:2      | Noticed Natasha
  1536 | D:2      | Killed Natasha
  1894 | D:3      | Reached XP level 5. HP: 32/35 MP: 0/0
  1894 | D:3      | Learned a level 2 spell: Momentum Strike
  2081 | D:3      | Noticed a black bear
  2089 | D:3      | Killed a black bear
  2090 | D:3      | Reached skill level 5 in Spellcasting
  2090 | D:3      | Reached skill level 5 in Conjurations
  2090 | D:3      | Reached skill level 5 in Hexes
  2090 | D:3      | Reached skill level 5 in Summonings
  2090 | D:3      | Reached skill level 5 in Necromancy
  2090 | D:3      | Reached skill level 5 in Translocations
  2090 | D:3      | Reached skill level 5 in Fire Magic
  2090 | D:3      | Reached skill level 5 in Ice Magic
  2090 | D:3      | Reached skill level 5 in Air Magic
  2090 | D:3      | Reached skill level 5 in Earth Magic
  2090 | D:3      | Reached skill level 5 in Alchemy
  2090 | D:3      | Reached XP level 6. HP: 38/40 MP: 0/0
  2096 | D:3      | Found a faded altar of an unknown god.
  2507 | D:4      | Reached XP level 7. HP: 45/45 MP: 0/0
  2507 | D:4      | Learned a level 3 spell: Vampiric Draining
  2965 | D:4      | You are sucked into a shaft and drop 3 floors!
  2985 | D:7      | Noticed a wyvern
  2992 | D:7      | Reached XP level 8. HP: 46/50 MP: 0/0
  3109 | D:7      | Found a flagged portal.
  3118 | Bailey   | Entered a bailey
  3334 | Bailey   | Reached XP level 9. HP: 54/55 MP: 0/0
  3334 | Bailey   | Learned a level 4 spell: Flame Wave
  3344 | Bailey   | Found a bloodstained altar of Trog.
  3478 | D:5      | Entered Level 5 of the Dungeon
  3610 | D:5      | Identified the +1 leather armour "Matithruohao" {rN+++
                  | Will+ Int+3 Dex-4}
  3690 | D:2      | Noticed Natasha
  3696 | D:2      | Killed Natasha
  4559 | D:2      | Noticed Natasha
  4565 | D:2      | Killed Natasha
  5109 | D:5      | Found a staircase to the Ecumenical Temple.
  5205 | D:5      | Found a bloodstained altar of Trog.
  5508 | D:6      | Found Daxzeacw's Armour Shop.
  5534 | D:6      | Bought a +0 cloak for 54 gold pieces
  5534 | D:6      | Bought a +0 helmet for 54 gold pieces
  5534 | D:6      | Bought a +0 pair of gloves for 54 gold pieces
  5726 | D:6      | Noticed a hornet
  5732 | D:6      | Killed a hornet
  5733 | D:6      | Reached skill level 10 in Spellcasting
  5733 | D:6      | Reached skill level 10 in Conjurations
  5733 | D:6      | Reached skill level 10 in Hexes
  5733 | D:6      | Reached skill level 10 in Summonings
  5733 | D:6      | Reached skill level 10 in Necromancy
  5733 | D:6      | Reached skill level 10 in Translocations
  5733 | D:6      | Reached skill level 10 in Fire Magic
  5733 | D:6      | Reached skill level 10 in Ice Magic
  5733 | D:6      | Reached skill level 10 in Air Magic
  5733 | D:6      | Reached skill level 10 in Earth Magic
  5733 | D:6      | Reached skill level 10 in Alchemy
  5998 | D:6      | Noticed Grinder
  6005 | D:6      | Killed Grinder
  6006 | D:6      | Reached XP level 10. HP: 49/60 MP: 0/0
  7365 | D:8      | Noticed Prince Ribbit
  7375 | D:8      | Killed Prince Ribbit
  8475 | D:9      | Reached XP level 11. HP: 64/65 MP: 0/0
  8475 | D:9      | Learned a level 5 spell: Summon Forest
  8814 | D:9      | Found a runed translucent door.
  8814 | D:9      | Identified the +6 trident "Dragon's Tongue" {freeze, rPois
                  | Dex+3}
  8814 | D:9      | Noticed hikkokomori's ghost (journeyman GrAl)
  9031 | D:9      | Killed hikkokomori's ghost
  9082 | D:10     | Entered Level 10 of the Dungeon
  9147 | D:10     | Noticed Maggie
  9171 | D:10     | Killed Maggie
  9737 | D:10     | Found a staircase to the Lair.
  9803 | D:10     | Found a portal to a secret trove of treasure.
 10036 | D:11     | Noticed a boulder beetle
 10318 | D:11     | Found a staircase to the Orcish Mines.
 10361 | D:11     | Killed a boulder beetle
 10768 | D:11     | Noticed a two-headed ogre
 10786 | D:11     | Reached XP level 12. HP: 66/70 MP: 0/0
 10787 | D:11     | Killed a two-headed ogre
 11045 | D:11     | Noticed Erica
 11053 | D:11     | Killed Erica
 11238 | D:12     | Noticed Maurice
 11245 | D:12     | Reached skill level 15 in Spellcasting
 11245 | D:12     | Reached skill level 15 in Conjurations
 11245 | D:12     | Reached skill level 15 in Hexes
 11245 | D:12     | Reached skill level 15 in Summonings
 11245 | D:12     | Reached skill level 15 in Necromancy
 11245 | D:12     | Reached skill level 15 in Translocations
 11245 | D:12     | Reached skill level 15 in Fire Magic
 11245 | D:12     | Reached skill level 15 in Ice Magic
 11245 | D:12     | Reached skill level 15 in Air Magic
 11245 | D:12     | Reached skill level 15 in Earth Magic
 11245 | D:12     | Reached skill level 15 in Alchemy
 11245 | D:12     | Killed Maurice
 11593 | D:12     | Noticed a two-headed ogre
 11602 | D:12     | Killed a two-headed ogre
 11755 | D:12     | Noticed a deep elf knight
 11757 | D:12     | Killed from afar by a deep elf knight

Illustrated notes

Levels and vault maps discovered:
D:1:      dpeg_arrival_houses_and_road, layout_basic
D:2:      layout_basic, uniq_natasha
D:3:      layout_loops_ring, chequers_ecumenical_altar_simple
D:4:      layout_basic, serial_undead, serial_undead_e, serial_undead_e,
          serial_undead_c, serial_undead_b, serial_undead_d, serial_undead_e,
          serial_undead_a, serial_undead_c, minivault_14
D:5:      layout_layer_cave, gammafunk_temple_overflow_statue,
          minmay_temple_entry_trees
D:6:      layout_loops_corners, serial_shops, shop, serial_bayou_crossing,
          uniq_grinder
D:7:      layout_basic, enter_bailey_2
D:8:      layout_loops_ring, uniq_prince_ribbit1
D:9:      layout_loops_corners, ebering_ghost_funeral_grove,
          roadster_capsule_ark_zombie
D:10:     layout_rooms, erik_lair_orcish_takeover,
          nicolae_trove_entry_free_sample, uniq_maggie
D:11:     layout_cave_pods, erik_orc_4, uniq_erica
D:12:     layout_irregular_city, beargit_elvish_explorers, uniq_lodul,
          uniq_maurice

Skill      XL: |  1  2  3  4  5  6  7  8  9 10 11 12 |
---------------+-------------------------------------+-----
Spellcasting   | 4 5 6 7 8 10 12 14 15 | 15.7
Conjurations   | 4 5 6 7 8 10 12 14 15 | 15.7
Hexes          | 4 5 6 7 8 10 12 14 15 | 15.7
Summonings     | 4 5 6 7 8 10 12 14 15 | 15.7
Necromancy     | 4 5 6 7 8 10 12 14 15 | 15.7
Translocations | 4 5 6 7 8 10 12 14 15 | 15.7
Fire Magic     | 4 5 6 7 8 10 12 14 15 | 15.7
Ice Magic      | 4 5 6 7 8 10 12 14 15 | 15.7
Air Magic      | 4 5 6 7 8 10 12 14 15 | 15.7
Earth Magic    | 4 5 6 7 8 10 12 14 15 | 15.7
Alchemy        | 4 5 6 7 8 10 12 14 15 | 15.7
Dodging        | |  2.1
Stealth        | |  1.5

Action                     |  1- 3 |  4- 6 |  7- 9 | 10-12 || total
---------------------------+-------+-------+-------+-------++-------
  Melee: Staff             |       |       |     1 |     5 ||     6
   Cast: Magic Dart        |    72 |    83 |   228 |   278 ||   661
         Call Imp          |     1 |       |       |     9 ||    10
         Mephitic Cloud    |       |     1 |    31 |    25 ||    57
         Sting             |       |    27 |    63 |    77 ||   167
         Momentum Strike   |       |     1 |       |       ||     1
         Flame Wave        |       |       |     4 |    20 ||    24
         Summon Forest     |       |       |       |    21 ||    21
         Slow              |       |       |       |     2 ||     2
         Blink             |       |       |       |     2 ||     2
    Use: Scroll            |       |       |     8 |     4 ||    12
         Potion            |       |       |       |     2 ||     2
   Stab: Distracted        |       |       |       |     1 ||     1
 Armour: Robe              |    17 |    12 |    33 |       ||    62
         Leather armour    |       |       |    22 |   105 ||   127
  Dodge: Dodged            |    17 |    22 |    62 |   148 ||   249

Table legend: (Time is in decaauts)
 A = Elapsed time spent in this place.
 B = Non-inter-level travel time spent in this place.
 C = Inter-level travel time spent in this place.
 D = Time resting spent in this place.
 E = Time spent auto-exploring this place.
 F = Levels seen in this place.
 G = Mean time per level.
                   A        B        C        D        E       F      G
               +--------+--------+--------+--------+--------+-----+--------+
         Total |  11772 |  11207 |    565 |    739 |   8435 |  13 |  905.5 |
       Dungeon |  11492 |  10927 |    565 |    739 |   8319 |  12 |  957.7 |
        Bailey |    279 |    279 |      0 |      0 |    116 |   1 |  279.0 |
               +--------+--------+--------+--------+--------+-----+--------+

Top non-repeatable levels by time:
     D:2: 1980 daAuts
     D:9: 1465 daAuts
     D:6: 1049 daAuts
    D:11: 951 daAuts
     D:1: 946 daAuts
    D:10: 921 daAuts
     D:8: 827 daAuts
     D:5: 739 daAuts
     D:7: 719 daAuts
     D:4: 684 daAuts
     D:3: 644 daAuts
    D:12: 562 daAuts
  Bailey: 279 daAuts
